Map: Orbital Shipyard

Players

LilDicky - Winner!

  • Race: Terran Terran
  • League: Diamond

TesLA

  • Race: Terran Terran
  • League: Platinum

VOD

http://www.twitch.tv/tumescentpie

Description

Time

  • Played on: Jan. 2, 2016, 10:52 a.m.
  • Length: 22:33
Show
View Real Time Build Order
Export as new Build Order

LilDicky Terran - Winner!

Build Orders: Liberator Opening 

Get SALT Encoding   

  12  0:01  SCV  
  13  0:13  SCV  
  14  0:18  Supply Depot  
  14  0:25  SCV  
  15  0:38  Refinery  
  15  0:39  SCV  
  16  0:46  Barracks  
  16  0:52  SCV  
  17  1:04  SCV  
  18  1:14  Refinery  
  18  1:16  SCV  
  19  1:33  Marine  
  19  1:35  Supply Depot, Orbital Command  
  20  1:43  Factory  
  20  1:51  Marine  
  21  1:58  Supply Depot  
  21  2:07  SCV  
  22  2:08  Marine  
  23  2:21  SCV  
  24  2:26  Marine  
  24  2:28  Factory Tech Lab  
  25  2:30  Starport  
  25  2:39  SCV  
  26  2:44  Marine  
  26  2:47  Siege Tank  
  30  2:55  Liberator  
  30  3:05  Marine  
  34  3:15  Supply Depot, SCV  
  34  3:19  Engineering Bay  
  35  3:20  Siege Tank  
  35  3:23  Marine  
  39  3:36  SCV  
  40  3:42  Marine  
  40  3:43  Supply Depot  
  41  3:49  SCV  
  41  3:53  Siege Tank  
  45  3:58  Viking  
  47  4:03  Supply Depot  
  47  4:04  SCV  
  47  4:09  Missile Turret  
  48  4:20  Marine  
  49  4:50  SCV  
  49  4:51  Marine  
  50  5:07  Missile Turret  
  48  5:34  Marine  
  49  5:40  SCV  
  49  5:48  Command Center  
  44  6:02  SCV  
  42  6:14  Siege Tank  
  41  6:31  Viking, Missile Turret  
  43  6:44  Refinery  
  43  6:46  Refinery, Siege Tank  
  36  6:55  SCV  
  36  7:00  Command Center  
  37  7:02  Liberator  
  37  7:03  Orbital Command  
  37  7:07  SCV  
  38  7:18  Factory, Siege Tank  
  38  7:19  SCV  
  38  7:22  Starport  
  45  7:28  Missile Turret  
  45  7:31  SCV  
  42  7:45  SCV x2  
  42  7:47  Liberator  
  44  7:57  SCV  
  45  8:01  Siege Tank  
  45  8:02  Factory Tech Lab  
  51  8:06  Marine  
  50  8:33  Siege Tank  
  53  8:41  Viking  
  53  8:42  SCV  
  53  8:47  Viking, Orbital Command  
  58  8:51  SCV  
  58  8:54  SCV  
  60  9:03  SCV, Siege Tank  
  60  9:05  Barracks  
  60  9:06  SCV  
  60  9:07  Barracks  
  60  9:08  Barracks  
  65  9:10  Marine  
  65  9:15  SCV  
  67  9:18  SCV  
  65  9:29  Missile Turret  
  59  9:38  Missile Turret  
  54  9:54  Siege Tank  
  54  9:55  Siege Tank  
  54  9:57  Viking x2  
  60  10:24  Liberator x2  
  60  10:26  Siege Tank  
  60  10:27  Siege Tank  
  66  10:42  SCV  
  73  10:44  Refinery  
  73  10:45  Refinery  
  73  10:49  Marine  
  74  10:51  SCV  
  74  10:54  SCV  
  76  10:58  SCV  
  76  10:59  Siege Tank x2  
  76  11:00  Command Center  
  76  11:03  SCV  
  83  11:06  Missile Turret  
  83  11:16  Liberator  
  83  11:17  Liberator  
  81  11:32  Siege Tank x2  
  84  11:36  SCV x2  
  84  11:37  SCV, Starport  
  93  11:43  Marine x4  
  93  11:44  Supply Depot  
  93  11:45  Supply Depot  
  97  11:48  SCV x2  
  96  11:59  Liberator  
  89  12:02  Liberator  
  85  12:11  Widow Mine  
  78  12:21  Marine x4  
  78  12:22  Siege Tank  
  88  12:38  Planetary Fortress, Marine  
  88  12:39  Marine x3  
  88  12:40  Siege Tank  
  95  12:57  Missile Turret  
  95  12:59  Viking, Missile Turret  
  95  13:02  Missile Turret  
  97  13:06  SCV x2  
  97  13:11  Viking  
  101  13:14  Widow Mine x2  
  101  13:18  Missile Turret  
  105  13:25  Starport x2  
  105  13:29  Viking  
  107  13:35  Refinery  
  107  13:36  Starport Reactor  
  107  13:39  SCV x3  
  107  13:40  Refinery, Marine x4  
  114  13:43  Siege Tank, Widow Mine  
  114  13:47  Refinery  
  114  13:48  Command Center  
  119  13:51  Refinery  
  119  13:52  Sensor Tower  
  115  13:57  Marine  
  115  13:58  Marine x2  
  107  14:12  Siege Tank  
  110  14:18  Viking x4  
  110  14:19  SCV  
  110  14:22  Starport Tech Lab x2  
  119  14:29  Fusion Core  
  119  14:42  Supply Depot  
  119  14:47  Supply Depot  
  119  14:48  Viking  
  119  14:52  Sensor Tower, Missile Turret  
  121  14:53  Missile Turret  
  121  14:55  Missile Turret  
  121  14:59  Siege Tank x2  
  127  15:00  Marine x2  
  127  15:01  Marine  
  127  15:02  Marine  
  127  15:06  Supply Depot  
  131  15:09  Liberator x2  
  131  15:10  Supply Depot  
  131  15:11  Supply Depot  
  131  15:12  Missile Turret  
  131  15:14  Missile Turret  
  129  15:26  Banshee  
  136  15:34  Planetary Fortress  
  134  15:38  SCV x2  
  136  15:47  Banshee  
  136  15:49  Cloaking Field  
  139  15:52  Advanced Ballistics  
  139  15:54  SCV x2  
  139  15:55  SCV  
  142  16:19  Supply Depot  
  142  16:52  Siege Tank x2, Medivac x3  
  142  16:53  Medivac x2  
  158  17:19  Liberator  
  158  17:22  Missile Turret  
  158  17:23  Missile Turret  
  154  17:37  Battlecruiser  
  158  17:39  Marine  
  158  17:40  Marine x3  
  149  17:44  Barracks  
  149  17:46  Barracks  
  149  17:47  Barracks  
  149  17:49  Barracks  
  135  17:57  Marine x3  
  135  17:58  Marine  
  121  18:15  Marine x4  
  122  18:24  Siege Tank x2  
  125  18:33  Marine x4  
  125  18:39  Viking  
  123  18:50  Marine  
  123  18:51  Marine x3  
  124  18:56  Siege Tank x2  
  130  19:08  Marine  
  130  19:09  Marine x3  
  134  19:26  Marine  
  134  19:28  Command Center  
  135  19:36  Command Center  
  135  19:38  Command Center  
  135  19:47  Command Center  
  135  20:03  Marine x3  
  135  20:04  Marine x5  
  135  20:05  Liberator x2  
  143  20:14  Banshee  
  143  20:15  Banshee  
  143  20:16  Starport Tech Lab  
  143  20:20  Starport Tech Lab  
  149  20:21  Marine x4  
  159  20:43  Refinery  
  159  20:49  Barracks Tech Lab x2  
  159  20:50  Barracks Reactor x5  
  159  20:51  Marine  
  159  20:52  Siege Tank, Refinery  
  159  20:54  Banshee  
  166  20:59  Refinery, Orbital Command  
  166  21:01  Refinery  
  166  21:02  Refinery, Orbital Command  
  166  21:06  Refinery  
  166  21:08  Marine  
  167  21:29  Orbital Command  
  167  21:33  Orbital Command  
  167  21:39  Viking x5  
  183  22:12  Marine x6  
  183  22:13  Marine x3  
Show
View Real Time Build Order
Export as new Build Order

TesLA Terran 

Build Orders:  

Get SALT Encoding   

  12  0:01  SCV  
  13  0:14  SCV  
  14  0:17  Supply Depot  
  14  0:23  Refinery  
  14  0:28  SCV  
  15  0:43  Barracks  
  15  0:46  SCV  
  16  0:58  SCV  
  17  1:11  SCV  
  18  1:29  Orbital Command  
  18  1:35  Factory  
  18  1:44  Reaper  
  19  1:53  Supply Depot  
  19  1:57  SCV  
  20  2:11  SCV  
  21  2:17  Reaper  
  21  2:19  Factory Tech Lab  
  22  2:24  SCV  
  23  2:36  SCV  
  24  2:38  Widow Mine  
  26  2:49  SCV  
  27  2:52  Marine  
  27  2:56  Command Center  
  27  3:11  Siege Tank  
  27  3:12  Marine  
  31  3:24  Barracks  
  31  3:28  Barracks  
  31  3:35  SCV  
  31  3:46  Supply Depot  
  31  3:55  Refinery  
  31  4:07  SCV, Siege Tank, Marine  
  31  4:08  Orbital Command  
  36  4:13  Marine  
  37  4:19  SCV  
  37  4:20  Marine  
  39  4:25  Marine  
  40  4:34  Marine  
  40  4:38  Marine  
  42  4:40  Starport  
  42  4:41  Engineering Bay  
  42  4:48  Marine  
  42  4:50  SCV  
  45  4:54  SCV  
  46  5:02  SCV, Barracks Tech Lab  
  46  5:07  Supply Depot x2  
  46  5:11  Missile Turret  
  46  5:18  Marine  
  45  5:21  Siege Tank  
  45  5:25  Barracks Reactor  
  45  5:27  Marine  
  44  5:29  Viking  
  46  5:36  Marine  
  47  5:45  Marine  
  40  5:58  Siege Tank  
  40  6:02  Marine  
  31  6:19  Marine x2  
  31  6:20  Marine  
  31  6:21  Viking  
  36  6:37  Marine x2  
  38  6:46  Marine  
  35  6:50  SCV  
  36  6:54  Siege Tank  
  36  6:55  Marine  
  38  7:02  Marine  
  38  7:04  Viking, Marine  
  42  7:10  Missile Turret  
  42  7:11  SCV x2  
  44  7:18  Supply Depot  
  38  7:47  Stimpack, Marine  
  38  7:48  Siege Tank, Marine x2  
  38  7:50  Terran Infantry Weapons Level 1  
  44  7:53  Supply Depot  
  44  7:55  SCV  
  44  7:56  SCV  
  46  8:07  Command Center  
  46  8:08  SCV  
  47  8:19  Marine x3  
  46  8:21  Viking  
  46  8:22  SCV  
  46  8:23  SCV  
  50  8:35  SCV  
  50  8:37  Marine x3  
  53  8:51  Viking  
  53  8:54  Missile Turret  
  53  8:55  Marine x2  
  57  8:56  Bunker  
  57  9:02  SCV x2  
  59  9:05  Marine  
  59  9:07  Starport  
  60  9:13  Marine  
  60  9:14  SCV  
  60  9:16  Supply Depot  
  62  9:19  Supply Depot  
  46  9:44  Viking  
  46  9:48  Combat Shields  
  44  9:57  Marine x3  
  47  10:04  Siege Tank  
  50  10:12  Orbital Command  
  50  10:14  Viking  
  52  10:16  Terran Infantry Armor Level 1, Marauder, Liberator  
  51  10:29  Marine  
  51  10:30  Marine  
  54  10:37  Marine  
  55  10:43  SCV  
  55  10:44  SCV x2  
  55  10:47  Marine x2  
  60  10:53  Supply Depot  
  60  10:54  Marine  
  60  10:55  SCV  
  60  10:56  SCV x2  
  64  11:05  Marine x2  
  66  11:12  Viking  
  66  11:16  Viking  
  69  11:36  Marine x3  
  72  11:42  Viking  
  72  11:43  Refinery  
  72  11:44  Refinery  
  74  11:54  Marauder  
  74  12:01  Liberator  
  64  12:10  Hi-Sec Auto Tracking  
  67  12:25  Siege Tank, Marine  
  69  12:35  Marine  
  69  12:36  Marine  
  71  12:37  Orbital Command  
  71  12:42  SCV x2  
  73  12:54  Barracks  
  73  12:56  Medivac  
  73  12:57  Marine x2  
  77  13:00  Siege Tank  
  77  13:01  Barracks, Medivac  
  82  13:15  SCV x3  
  82  13:17  Marine x2  
  87  13:25  Missile Turret  
  87  13:26  Missile Turret  
  87  13:27  SCV  
  88  13:34  Supply Depot, Missile Turret x2  
  88  13:41  Missile Turret, Marine x3  
  88  13:42  Marine  
  88  13:47  Missile Turret  
  92  13:49  Command Center  
  92  13:53  Medivac x2  
  92  13:55  Refinery x2  
  96  13:59  Marine  
  96  14:00  Marauder  
  90  14:16  Marine  
  90  14:17  Marine  
  87  14:21  Marauder  
  87  14:23  Cyclone, Viking x2  
  97  14:27  SCV x3  
  100  14:31  Marine x2  
  100  14:34  Marine  
  103  14:43  SCV x2, Marine  
  103  14:44  Marine  
  107  14:46  SCV  
  107  14:47  Sensor Tower  
  107  14:49  Marine  
  109  14:55  SCV x2  
  111  15:00  Viking  
  111  15:01  Viking  
  111  15:02  Marauder  
  109  15:20  Marine x3  
  109  15:21  Marine  
  113  15:23  Marauder, Orbital Command  
  115  15:30  Viking, Siege Tank  
  118  15:43  Engineering Bay  
  118  15:45  Marauder  
  120  15:51  Viking  
  122  16:00  Viking  
  124  16:06  Marauder  
  124  16:08  Siege Tank  
  124  16:09  Marine x3  
  132  16:12  Supply Depot  
  132  16:16  Supply Depot  
  132  16:19  Armory  
  132  16:23  Viking, Marine  
  132  16:33  Medivac  
  132  16:34  Marauder  
  128  16:55  Marauder  
  130  17:02  Marine  
  130  17:03  Marine x3  
  130  17:17  Marauder  
  130  17:20  Marine x2  
  114  17:38  Marauder  
  58  18:00  Marine  
  58  18:01  Marauder, Marine x3  
  49  18:06  Viking x2  
  45  18:23  Marauder  
  31  18:30  Marine  
  31  18:31  Marine x2  
  21  18:36  Viking x2  
  22  18:42  Marine  
  22  18:43  SCV  
  22  18:44  SCV x2  
  20  18:56  SCV x3  
  17  19:06  Viking  
Tags
 
Add a new tag
Caveats
  • Supply blocks, unpowered buildings, or Contaminate may cause inaccurate times.
  • Supply counts are checked every 10 seconds.